 Dungeon Crawl Stone Soup version 0.31-a0-188-g5e087ee2ca (webtiles) character file.

Game seed: 14612271661376635831

54 qw the Shooter (level 3, -3/20 HPs)
             Began as a Deep Elf Hunter on June 23, 2023.
             Slain by a goblin
             ... wielding a +0 club
             ... led by Robin
              (4 damage)
             ... on level 3 of the Dungeon.
             The game lasted 00:00:34 (1527 turns).

qw the Shooter (Deep Elf Hunter)                    Turns: 1527, Time: 00:00:35

Health: -3/20      AC:  5    Str: 14    XL:     3   Next: 66%
Magic:  5/5        EV: 11    Int: 13    God:
Gold:   175        SH:  0    Dex: 20    Spells: 2/2 levels left

rFire   . . .        Y - +1 shortbow
rCold   . . .        (shield currently unavailable)
rNeg    . . .        a - +0 ring mail
rPois   .            (no helmet)
rElec   .            (no cloak)
rCorr   .            (no gloves)
SInv    .            (no boots)
Will    .....        (no amulet)
Stlth   +            e - +6 ring of strength
HPRegen 0.23/turn    (no ring)
MPRegen 0.09/turn

%: no passive effects
@: no status effects
A: no striking features
a: no special abilities


You were on level 3 of the Dungeon.
You visited 1 branch of the dungeon, and saw 3 of its levels.

You collected 175 gold pieces.


   Skills:
 - Level 1.5 Fighting
 + Level 7.2 Ranged Weapons
 - Level 2.4 Dodging
 - Level 1.2 Stealth


You had 2 spell levels left.
You didn't know any spells.
Your spell library was empty.

Inventory:

Hand Weapons
 Y - a +1 shortbow (weapon)
Armour
 a - a +0 ring mail (worn)
Jewellery
 e - a +6 ring of strength (left hand)
Scrolls
 f - a scroll of identify
Potions
 h - a potion of cancellation {unknown}
 i - a potion of might {unknown}
 j - a potion of mutation {unknown}

Dungeon Overview and Level Annotations

Branches:
Dungeon (3/15)

Altars:
Zin

Annotations:
D:3 Robin


Message History

You shoot an arrow. The jackal barks!
The arrow hits the goblin!
You kill the goblin!
A goblin comes into view. It is wielding a +0 dagger.
The goblin closely misses you. x2; The goblin barely misses you.
Robin throws the goblin at you!
You shoot an arrow. The arrow hits the goblin!
You kill the goblin!
The goblin misses you.
A hobgoblin comes into view.
The goblin completely misses you.
You shoot an arrow. The arrow hits the goblin.
The goblin is moderately wounded.
The goblin hits you with a +0 club. The goblin hits you but does no damage.
Robin roars a battlecry!
The hobgoblin goes into a battle-frenzy!
The goblin barely misses you. The hobgoblin hits you.
You shoot an arrow. The arrow barely misses the goblin.
The goblin hits you with a +0 club. The goblin hits you but does no damage.
The goblin hits you with a +0 club. The hobgoblin hits you.
The goblin hits you but does no damage. The goblin completely misses you.
The goblin hits you with a +0 club. The hobgoblin closely misses you.
1524 ||| DRINKING potion of heal wounds.
You feel much better. The goblin barely misses you.
The hobgoblin barely misses you. The goblin closely misses you.
The goblin hits you with a +0 club.
Robin says, "Bow before me, strongest of all the hobgoblins!"
You shoot an arrow. The arrow barely misses the goblin.
The goblin hits you with a +0 club.
The hobgoblin hits you but does no damage.
The goblin closely misses you. The goblin hits you with a +0 club.
Robin says, "My goblins will feast on your bones."
You shoot an arrow. The arrow barely misses the goblin.
The goblin closely misses you. x2; The goblin hits you with a +0 club.
The hobgoblin closely misses you.
You shoot an arrow. The arrow barely misses the goblin.
The goblin hits you with a +0 club. The hobgoblin hits you.
The goblin barely misses you. The goblin hits you with a +0 club.
You die... #.. #.# #)# .gg

#h# #h# ###
#.###g####.#
..#
#...g@g....#
#.#
#.###g)#####
#.# #.# ##.##
#.######## #.#
#..#
#........# #.#
##.#.##
#.######<#
#.###..##.###
#.# ###.#
#.............
#.####.#.#
#.###%..#.####
#........# #.#
##...##


You could see Robin, 2 jackals, 2 hobgoblins and 3 goblins.

Vanquished Creatures
  An adder (D:2)
  5 ball pythons
  A bat (D:1)
  3 endoplasms (D:1)
  7 hobgoblins
  5 jackals
  2 kobolds
  2 frilled lizards (D:1)
  10 goblins
  3 rats
39 creatures vanquished.

Notes
Turn   | Place    | Note
-------+----------+-------------------------------------------
     0 | D:1      | qw the Deep Elf Hunter began the quest for the Orb.
     0 | D:1      | Reached XP level 1. HP: 12/12 MP: 3/3
     0 | D:1      | 0 ||| qw: Version: 0.3-a-9-g12657ce
     0 | D:1      | 0 ||| qw: Game counter: 4066
     0 | D:1      | 0 ||| qw: Always use a shield: true
     0 | D:1      | 0 ||| qw: God list: Okawaru
     0 | D:1      | 0 ||| qw: Allow faded altars: false
     0 | D:1      | 0 ||| qw: Do Orc after D:15 true
     0 | D:1      | 0 ||| qw: Do second Lair branch before Depths: true
     0 | D:1      | 0 ||| qw: Lair rune preference: random
     0 | D:1      | 0 ||| qw: Plans: Normal
     0 | D:1      | 0 ||| PLANNING D:1-11
    87 | D:1      | Reached XP level 2. HP: 16/16 MP: 4/4
    89 | D:1      | Reached skill level 6 in Ranged Weapons
   676 | D:1      | 676 ||| UPGRADING to +6 ring of strength.
   677 | D:1      | 677 ||| READING scroll labelled NEF CU IWALU.
   678 | D:1      | 678 ||| READING 2 scrolls labelled XOULUL VIEMI.
   679 | D:1      | 679 ||| READING scroll labelled XIUHIZ MUUSE.
   680 | D:1      | 680 ||| READING scroll labelled YPHUULL UCIRHA.
   681 | D:1      | 681 ||| DROPPING scroll of butterflies.
   716 | D:2      | Found a faded altar of an unknown god.
   810 | D:2      | Reached XP level 3. HP: 20/20 MP: 5/5
   840 | D:2      | Found a glowing silver altar of Zin.
  1267 | D:2      | 1267 ||| UPGRADING to +0 ring mail.
  1277 | D:2      | 1277 ||| DROPPING +0 leather armour.
  1278 | D:2      | 1278 ||| DROPPING +6 ring of intelligence.
  1279 | D:2      | 1279 ||| READING scroll labelled KALERO ISMYEQAA.
  1280 | D:2      | 1280 ||| READING scroll labelled OTULOY UMEB.
  1281 | D:2      | 1281 ||| READING scroll labelled EHONETY ZEOGYL.
  1282 | D:2      | 1282 ||| DRINKING 2 metallic green potions.
  1283 | D:2      | 1283 ||| READING 2 scrolls of identify.
  1283 | D:2      | 1283 ||| IDENTIFYING bubbling white potion
  1285 | D:2      | 1285 ||| Stepping ~*~*~tactically~*~*~ (cloud).
  1286 | D:2      | 1286 ||| DRINKING potion of curing.
  1286 | D:2      | 1286 ||| (to cure poison)
  1512 | D:3      | Reached skill level 7 in Ranged Weapons
  1512 | D:3      | Noticed Robin
  1523 | D:3      | HP: 5/20 [goblin/+0 club[Robin] (1)]
  1523 | D:3      | HP: 1/20 [goblin/+0 club[Robin] (3)]
  1524 | D:3      | 1524 ||| DRINKING potion of heal wounds.
  1527 | D:3      | Slain by a goblin

Levels and vault maps discovered:
D:1:      psy_arrival_wood_between_worlds, layout_basic,
          chequers_serial_rivers_micro_d, chequers_serial_rivers_room_a
D:2:      layout_basic, basic_altar, shapermc_ecumenical_altar_acropolis
D:3:      layout_loops_ring, zin_purify, minmay_stone_trees_small, uniq_robin,
          uniq_ijyb

Skill      XL: |  1  2  3 |
---------------+----------+-----
Ranged Weapons | 6 7 |  7.2
Fighting       | |  1.5
Dodging        | |  2.4
Stealth        | |  1.2

Action                     || total
---------------------------++-------
   Fire: Shortbow          ||    89
    Use: Scroll            ||     8
         Potion            ||     3
 Armour: Leather armour    ||     8
         Ring mail         ||    11
  Dodge: Dodged            ||    47

Table legend:
 A = Non-vault XP
 B = Vault XP
 C = Vault XP percentage of total XP
 D = Non-vault monster count
 E = Vault monster count
 F = Vault count percentage of total count
                 A         B        C        D         E       F
            +---------+---------+-------+---------+---------+-------
      Total |      64 |      14 |  17.9 |      32 |       7 |  17.9
            +---------+---------+-------+---------+---------+-------
        D:1 |      33 |       0 |   0.0 |      19 |       0 |   0.0
        D:2 |      26 |       0 |   0.0 |       9 |       0 |   0.0
        D:3 |       5 |      14 |  73.7 |       4 |       7 |  63.6
            +---------+---------+-------+---------+---------+-------
